 Dungeon Crawl Stone Soup version 0.25-a0-58-g9dd530fc12 (console) character file.

Game seed: 15677114772091741974, levelgen mode: deterministic

28 utis the Cudgeler (level 3, 0/22 HPs)
             Began as a Tengu Warper on Oct 27, 2019.
             Succumbed to an adder's poison
             ... on level 2 of the Dungeon.
             The game lasted 00:03:00 (1464 turns).

utis the Cudgeler (Tengu Warper)                    Turns: 1464, Time: 00:03:00

Health: 0/22       AC:  5    Str: 17    XL:     3   Next: 14%
Magic:  7/7        EV: 11    Int: 13    God:
Gold:   70         SH:  0    Dex: 13    Spells: 6/6 levels left

rFire    . . .     SeeInvis .   a - +0 mace
rCold    . . .     Gourm    .   (no shield)
rNeg     . . .     Faith    .   c - +0 ring mail
rPois    .         Spirit   .   (helmet restricted)
rElec    .         Reflect  .   (no cloak)
rCorr    .         Harm     .   (no gloves)
MR       .....                  (boots unavailable)
Stlth    +.........             (no amulet)
HPRegen  0.07/turn              (no ring)
MPRegen  0.10/turn              (no ring)

@: mighty, lethally poisoned (0 -> -14)
A: beak, talons 3, mutation resistance 1
a: no special abilities


You were on level 2 of the Dungeon.
You were not hungry.

You visited 1 branch of the dungeon, and saw 2 of its levels.

You collected 70 gold pieces.

Inventory:

Hand Weapons
 a - a +0 mace (weapon)
 b - a +0 hunting sling
Missiles
 e - 5 boomerangs of dispersal {=f}
 n - 16 stones (quivered)
Armour
 c - a +0 ring mail (worn)
 m - a +0 leather armour
Scrolls
 d - a scroll of blinking
 g - a scroll of fear {unknown}
 i - a scroll of identify {unknown}
 j - a scroll of immolation {unknown}
Comestibles
 f - a ration {@e1}
 k - a chunk of flesh


   Skills:
 + Level 2.4 Fighting
 * Level 3.1 Maces & Flails
 - Level 1.0 Throwing
 - Level 1.1 Armour
 + Level 2.6 Dodging
 - Level 2.0 Spellcasting
   Level 2.4 Translocations


You had 6 spell levels left.
You didn't know any spells.
Your spell library contained the following spells:

 Spells                   Type           Power        Failure   Level  Hunger
 Blink                    Tloc           N/A          26%         2    ###....
 Shroud of Golubria       Chrm/Tloc      #.....       41%         2    ###....
 Gell's Gravitas          Tloc           #.........   47%         3    ####...
 Lesser Beckoning         Tloc           #.........   47%         3    ####...
 Teleport Other           Tloc           #.......     47%         3    ####...
 Passage of Golubria      Tloc           N/A          87%         4    #####..


Dungeon Overview and Level Annotations

Branches:
Dungeon (2/15)

Altars:


Innate Abilities, Weirdness & Mutations

You have a beak for a mouth.
You have claws for feet.
You are somewhat resistant to further mutation.


Message History

* * * LOW HITPOINT WARNING * * *
You are lethally poisoned!
The adder poisons you!
It was a potion of mutation.
You feel extremely strange.
You feel genetically stable.
* * * LOW HITPOINT WARNING * * *
You feel sick. The adder barely misses you.
Unknown command.
It was a potion of might.
You feel very mighty all of a sudden. The adder bites you but does no damage.
The adder bites you.
* * * LOW HITPOINT WARNING * * *
You are more poisoned.
The adder poisons you!
Unknown command.
Quiver which item? (- for none, * to show all) (? for menu, Esc to quit)
Okay, then.
You barely miss the adder. Your peck misses the adder.
The adder is severely wounded.
You die...

░░░░░░░░░░
░........░ ...
░░.░░░░░'░░░░░░░....
░.░ ░..............
░.░ ░..............
░.░ ░..............
░.░ ░..............
░.░ ░..............
░.░ ░░....Q........
░.░ ░.....S.......
░.░ ░░..÷...░░....
░.░ ░░...........
░░.░░░░░░..........
░...................
░░░░░░....░░░.......
░....░ ........
░....░ ........


You could see an adder.

Vanquished Creatures
  An adder (D:2)
  A ball python (D:2)
  4 goblins
  4 hobgoblins
  2 jackals (D:1)
  2 bats
  2 kobolds (D:1)
  3 rats
19 creatures vanquished.

Notes
Turn   | Place    | Note
-------+----------+-------------------------------------------
     0 | D:1      | utis the Tengu Warper began the quest for the Orb.
     0 | D:1      | Reached XP level 1. HP: 12/12 MP: 4/4
   573 | D:1      | Reached XP level 2. HP: 14/17 MP: 6/6
  1371 | D:2      | Reached skill level 3 in Maces & Flails
  1371 | D:2      | Reached XP level 3. HP: 17/22 MP: 7/7
  1462 | D:2      | Gained mutation: You are somewhat resistant to further
                  | mutation. [potion of mutation]
  1464 | D:2      | Succumbed to an adder's poison

Levels and vault maps discovered:
D:1:      scummos_arrival_gate, layout_basic, serial_corexii_hall,
          corexii_hall_statues_i, chequers_hall_statues_wall_a,
          corexii_hall_statues_deadend, corexii_hall_statues_i,
          minmay_misc_feat_diagonals, minmay_misc_feat_roman
D:2:      layout_basic

Skill      XL: |  1  2 |
---------------+-------+-----
Maces & Flails | 3 |  3.1
Fighting       | |  2.4
Throwing       | |  1.0
Armour         | |  1.1
Dodging        | |  2.6
Spellcasting   | |  2.0
Translocations | |  2.4

Action                   || total
-------------------------++-------
Melee: Mace              ||    62
       Kick              ||     9
       Peck              ||     4
 Fire: Hunting sling     ||     3
  Use: Potion            ||     2
  Eat: Chunk             ||     2
Armor: Ring mail         ||    24
Dodge: Dodged            ||    41

Table legend:
 A = Non-vault XP
 B = Vault XP
 C = Vault XP percentage of total XP
 D = Non-vault monster count
 E = Vault monster count
 F = Vault count percentage of total count
                 A         B        C        D         E       F
            +---------+---------+-------+---------+---------+-------
      Total |      41 |       0 |   0.0 |      19 |       0 |   0.0
            +---------+---------+-------+---------+---------+-------
        D:1 |      20 |       0 |   0.0 |      13 |       0 |   0.0
        D:2 |      21 |       0 |   0.0 |       6 |       0 |   0.0
            +---------+---------+-------+---------+---------+-------
